EVO
OKLAHOMA STATE UNIVERSITY COWBOYS @ WICHITA STATE UNIVERSITY SHOCKERS
07/04/2048
 
TOP OF THE 1ST
Oklahoma State University Cowboys batting - Pitching for Wichita State University Shockers : LHP Joe Seaborn
Pitching: LHP Joe Seaborn
Batting: RHB Simon Gravitt 0-0: Ground out U3 (Groundball, 3S, EV 85.6 MPH)
Batting: LHB Dwayne Roche 0-0: SINGLE (Groundball, 6MD, EV 108.1 MPH)
Batting: LHB Kyle David 0-0: Ball
1-0: SINGLE (Line Drive, 7S, EV 92.5 MPH)
Dwayne Roche to second
Batting: RHB Rory Cardosi 0-0: Ball
1-0: Ball
2-0: Called Strike
2-1: Fielders Choice at 3rd, U5 (Groundball, 5L, EV 89.4 MPH)
Kyle David to second
Batting: LHB Cory Rohr 0-0: Foul Ball, location: 2F
0-1: Foul Ball, location: 2F
0-2: Ball
1-2: Strikes out swinging
Top of the 1st over - 0 runs, 2 hits, 0 errors, 2 left on base; Oklahoma State University 0 - Wichita State University 0
BOTTOM OF THE 1ST
Wichita State University Shockers batting - Pitching for Oklahoma State University Cowboys : RHP Abban Sartika
Pitching: RHP Abban Sartika
Batting: RHB Kyle Gill 0-0: Ball
1-0: Ball
2-0: Ball
3-0: Called Strike
3-1: Base on Balls
Batting: RHB Byron Whitehead 0-0: Foul Ball, location: 2F
0-1: Foul Ball, location: 2F
0-2: Strikes out swinging
Batting: LHB Carlos Flores 0-0: Called Strike
Kyle Gill steals 2nd base
0-1: Called Strike
0-2: Strikes out swinging
Batting: RHB Jason Adelstein 0-0: Ball
1-0: Fly out, F6 (Popup, 6M, EV 54.4 MPH)
Bottom of the 1st over - 0 runs, 0 hits, 0 errors, 1 left on base; Oklahoma State University 0 - Wichita State University 0
TOP OF THE 2ND
Oklahoma State University Cowboys batting - Pitching for Wichita State University Shockers : LHP Joe Seaborn
Batting: RHB Jose Lopez 0-0: Ball
1-0: Swinging Strike
1-1: Foul Ball, location: 2F
1-2: Foul Ball, location: 2F
1-2: Ball
2-2: Strikes out swinging
Batting: RHB Estevan Alvarez 0-0: Ball
1-0: Ball
2-0: Called Strike
2-1: Ball
3-1: Fly out, F8 (Flyball, 89XD, EV 98.1 MPH)
Batting: RHB Frederik Koster 0-0: Ball
1-0: Ball
2-0: Ground out 5-3 (Groundball, 56S, EV 80.0 MPH)
Top of the 2nd over - 0 runs, 0 hits, 0 errors, 0 left on base; Oklahoma State University 0 - Wichita State University 0
BOTTOM OF THE 2ND
Wichita State University Shockers batting - Pitching for Oklahoma State University Cowboys : RHP Abban Sartika
Batting: RHB Marvin Coffey 0-0: Fly out, F2 (Popup, 2L, EV 91.9 MPH)
Batting: LHB Troy Davies 0-0: Ball
1-0: Ball
2-0: Called Strike
2-1: Foul Ball, location: 2F
2-2: Strikes out swinging
Batting: RHB Lucio Baratta 0-0: Fly out, F7 (Flyball, 7S, EV 85.0 MPH)
Bottom of the 2nd over - 0 runs, 0 hits, 0 errors, 0 left on base; Oklahoma State University 0 - Wichita State University 0
TOP OF THE 3RD
Oklahoma State University Cowboys batting - Pitching for Wichita State University Shockers : LHP Joe Seaborn
Batting: RHB Arabello Demesa 0-0: Ball
1-0: Called Strike
1-1: Foul Ball, location: 2F
1-2: Ground out 6-3 (Groundball, 6M, EV 104.4 MPH)
Batting: RHB Simon Gravitt 0-0: Fly out, F8 (Flyball, 8LD, EV 78.8 MPH)
Batting: LHB Dwayne Roche 0-0: Ball
1-0: Called Strike
1-1: Ball
2-1: Foul Ball, location: 2F
2-2: Foul Ball, location: 2F
2-2: Strikes out swinging
Top of the 3rd over - 0 runs, 0 hits, 0 errors, 0 left on base; Oklahoma State University 0 - Wichita State University 0
BOTTOM OF THE 3RD
Wichita State University Shockers batting - Pitching for Oklahoma State University Cowboys : RHP Abban Sartika
Batting: RHB Jordan Carr 0-0: Ball
1-0: Called Strike
1-1: SINGLE (Line Drive, 89M, EV 93.1 MPH)
Batting: RHB Jeff Grant 0-0: Called Strike
0-1: Foul Ball, location: 2F
0-2: Grounds into double play, U6-3 (Groundball, 4M, EV 93.8 MPH)
Batting: RHB Kyle Gill 0-0: Called Strike
0-1: Foul Ball, location: 2F
0-2: Strikes out swinging
Bottom of the 3rd over - 0 runs, 1 hit, 0 errors, 0 left on base; Oklahoma State University 0 - Wichita State University 0
TOP OF THE 4TH
Oklahoma State University Cowboys batting - Pitching for Wichita State University Shockers : LHP Joe Seaborn
Batting: LHB Kyle David 0-0: Foul Ball, location: 2F
0-1: Ball
1-1: Foul Ball, location: 2F
1-2: Ball
2-2: Strikes out looking
Batting: RHB Rory Cardosi 0-0: Foul Ball, location: 2F
0-1: Ball
1-1: Ball
2-1: SINGLE (Line Drive, 8LS, EV 98.1 MPH)
Pitching: RHP Paul McFarland
Batting: LHB Cory Rohr 0-0: Foul Ball, location: 2F
0-1: Foul Ball, location: 2F
0-2: Foul Ball, location: 2F
0-2: Ball
1-2: Foul Ball, location: 2F
1-2: Ball
Wild Pitch!
Rory Cardosi to second
2-2: Ball
3-2: Base on Balls
Batting: RHB Jose Lopez 0-0: Ball
1-0: Foul Ball, location: 2F
1-1: Ball
2-1: Foul Ball, location: 2F
2-2: Strikes out swinging
Batting: RHB Estevan Alvarez 0-0: Foul Ball, location: 2F
0-1: Swinging Strike
0-2: Foul Ball, location: 2F
0-2: Ball
1-2: Foul Ball, location: 2F
1-2: Foul Ball, location: 2F
1-2: Ball
2-2: Ball
3-2: Strikes out swinging
Top of the 4th over - 0 runs, 1 hit, 0 errors, 2 left on base; Oklahoma State University 0 - Wichita State University 0
BOTTOM OF THE 4TH
Wichita State University Shockers batting - Pitching for Oklahoma State University Cowboys : RHP Abban Sartika
Batting: RHB Byron Whitehead 0-0: Swinging Strike
0-1: Foul Ball, location: 2F
0-2: Ball
1-2: Strikes out swinging
Batting: LHB Carlos Flores 0-0: Called Strike
0-1: Ground out 4-3 (Groundball, 4D, EV 97.5 MPH)
Batting: RHB Jason Adelstein 0-0: Swinging Strike
0-1: Called Strike
0-2: Fly out, F6 (Popup, 6MS, EV 80.0 MPH)
Bottom of the 4th over - 0 runs, 0 hits, 0 errors, 0 left on base; Oklahoma State University 0 - Wichita State University 0
TOP OF THE 5TH
Oklahoma State University Cowboys batting - Pitching for Wichita State University Shockers : RHP Paul McFarland
Now at 2B: Peter Faggard
Now in LF: Rick McGrath
Now in RF: Bryan Palmer
Batting: RHB Frederik Koster 0-0: DOUBLE (Line Drive, 5D, EV 94.4 MPH)
Batting: RHB Arabello Demesa 0-0: Fly out, F7 (Flyball, 7LS, EV 78.1 MPH)
Pinch Hitting: RHB Jon Guzman 0-0: Called Strike
0-1: Foul Ball, location: 2F
0-2: Fly out, F7 (Flyball, 7LSF, EV 90.6 MPH)
Pinch Hitting: LHB Jeff Williams 0-0: Ball
1-0: Ground out 4-3 (Groundball, 4, EV 82.5 MPH)
Top of the 5th over - 0 runs, 1 hit, 0 errors, 1 left on base; Oklahoma State University 0 - Wichita State University 0
BOTTOM OF THE 5TH
Wichita State University Shockers batting - Pitching for Oklahoma State University Cowboys : RHP Abban Sartika
Pitching: LHP Tony Bustillos
Now at C: Hunter Uttley
Now at 1B: Julio Marquez
Now at 2B: Bill Tremblett
Now in CF: Jon Guzman
Now in RF: Jeff Williams
Batting: RHB Marvin Coffey 0-0: Swinging Strike
0-1: Ball
1-1: Foul Ball, location: 2F
1-2: Ball
2-2: Ground out 4-3 (Groundball, 34, EV 105.6 MPH)
Batting: LHB Troy Davies 0-0: Ground out 6-3 (Groundball, 6S, EV 79.4 MPH)
Batting: RHB Lucio Baratta 0-0: Foul Ball, location: 2F
0-1: Ground out 4-3 (Groundball, 4, EV 102.5 MPH)
Bottom of the 5th over - 0 runs, 0 hits, 0 errors, 0 left on base; Oklahoma State University 0 - Wichita State University 0
TOP OF THE 6TH
Oklahoma State University Cowboys batting - Pitching for Wichita State University Shockers : RHP Paul McFarland
Now at C: Larry Hogue
Now at 2B: Kyle Lee
Now at SS: Peter Faggard
Batting: RHB Julio Marquez 0-0: Foul Ball, location: 2F
0-1: Swinging Strike
0-2: Strikes out swinging
Pinch Hitting: RHB Magnus Laursen 0-0: Ground out 1-3 (Groundball, 15S, EV 73.1 MPH)
Batting: RHB Jean-Philippe Guéry 0-0: Ball
1-0: Called Strike
1-1: Ball
2-1: Foul Ball, location: 2F
2-2: SINGLE (Line Drive, 78S, EV 99.4 MPH)
Pitching: LHP Alex Brown
Batting: RHB Jose Lopez 0-0: Ball
1-0: Called Strike
1-1: Ball
2-1: Foul Ball, location: 2F
2-2: Ball
3-2: Foul Ball, location: 2F
3-2: Foul Ball, location: 2F
3-2: Base on Balls
Jean-Philippe Guéry to second
Batting: RHB Bill Tremblett 0-0: Fly out, F2 (Popup, 2R, EV 95.6 MPH)
Top of the 6th over - 0 runs, 1 hit, 0 errors, 2 left on base; Oklahoma State University 0 - Wichita State University 0
BOTTOM OF THE 6TH
Wichita State University Shockers batting - Pitching for Oklahoma State University Cowboys : LHP Tony Bustillos
Pitching: RHP Santiago Lopez
Now at SS: Magnus Laursen
Batting: RHB Jordan Carr 0-0: Ball
1-0: Fly out, F8 (Flyball, 8LD, EV 82.5 MPH)
Batting: RHB Jeff Grant 0-0: Called Strike
0-1: Swinging Strike
0-2: Strikes out looking
Batting: RHB Kyle Gill 0-0: Ball
1-0: Called Strike
1-1: Ground out 3-1 (Groundball, 34S, EV 78.8 MPH)
Bottom of the 6th over - 0 runs, 0 hits, 0 errors, 0 left on base; Oklahoma State University 0 - Wichita State University 0
TOP OF THE 7TH
Oklahoma State University Cowboys batting - Pitching for Wichita State University Shockers : LHP Alex Brown
Pitching: RHP Keith Wilder
Now at 1B: Mike Chafe
Now at 3B: Chad Starnes
Batting: RHB Hunter Uttley 0-0: Ground out U3 (Groundball, 3, EV 107.5 MPH)
Batting: RHB Arabello Demesa 0-0: Called Strike
0-1: Ball
1-1: Foul Ball, location: 2F
1-2: Foul Ball, location: 2F
1-2: Ball
2-2: Foul Ball, location: 2F
2-2: Reached on error, E6 (Groundball, 6, EV 75.6 MPH)
Batting: RHB Jon Guzman 0-0: Called Strike
0-1: Ball
1-1: Ball
2-1: Foul Ball, location: 2F
2-2: Ball
3-2: Grounds into double play, 4-6-3 (Groundball, 4, EV 101.9 MPH)
Top of the 7th over - 0 runs, 0 hits, 1 error, 0 left on base; Oklahoma State University 0 - Wichita State University 0
BOTTOM OF THE 7TH
Wichita State University Shockers batting - Pitching for Oklahoma State University Cowboys : RHP Santiago Lopez
Pitching: RHP Brendan Best
Batting: RHB Rick McGrath 0-0: Ball
1-0: Called Strike
1-1: Called Strike
1-2: Ball
2-2: SINGLE (Flyball, 89S, EV 86.2 MPH)
Batting: SHB Peter Faggard 0-0: Fielders Choice at 2nd, 3-6 (Groundball, 3, EV 102.5 MPH)
Batting: RHB Bryan Palmer 0-0: Foul Ball, location: 2F
0-1: Fly out, F8 (Flyball, 8LD, EV 93.1 MPH)
Batting: LHB Kyle Lee 0-0: SINGLE (Line Drive, 4D, EV 98.1 MPH)
Peter Faggard to second
Runner from 2nd tries for 3rd, SAFE, throw by CF made to third
Batting: RHB Larry Hogue 0-0: Called Strike
0-1: Foul Ball, location: 2F
0-2: Ball
Wild Pitch!
Peter Faggard scores
Kyle Lee to second
1-2: Ball
2-2: Foul Ball, location: 2F
2-2: Ball
3-2: Foul Ball, location: 2F
3-2: Foul Ball, location: 2F
3-2: Hit by Pitch
Pitching: RHP Paul Furst
Batting: RHB Alex Zeledon 0-0: Ball
1-0: Ball
2-0: Fly out, F7 (Flyball, 78D, EV 88.1 MPH)
Bottom of the 7th over - 1 run, 2 hits, 0 errors, 2 left on base; Oklahoma State University 0 - Wichita State University 1
TOP OF THE 8TH
Oklahoma State University Cowboys batting - Pitching for Wichita State University Shockers : RHP Keith Wilder
Pitching: LHP Greg Burton
Batting: LHB Jeff Williams 0-0: Called Strike
0-1: Swinging Strike
0-2: Ball
1-2: Ball
2-2: Ball
3-2: Fly out, F9 (Line Drive, 89M, EV 106.2 MPH)
Batting: RHB Julio Marquez 0-0: Fly out, F7 (Flyball, 78S, EV 95.6 MPH)
Batting: RHB Magnus Laursen 0-0: Foul Ball, location: 2F
0-1: Ball
1-1: Fly out, F1 (Popup, P, EV 88.1 MPH)
Top of the 8th over - 0 runs, 0 hits, 0 errors, 0 left on base; Oklahoma State University 0 - Wichita State University 1
BOTTOM OF THE 8TH
Wichita State University Shockers batting - Pitching for Oklahoma State University Cowboys : RHP Paul Furst
Pitching: RHP Lisiate Iugini
Batting: SHB Mike Chafe 0-0: Ball
1-0: Foul Ball, location: 2F
1-1: Ground out U3 (Groundball, 3, EV 90.0 MPH)
Batting: RHB Chad Starnes 0-0: Foul Ball, location: 2F
0-1: Ball
1-1: Ball
2-1: Foul Ball, location: 2F
2-2: Ball
3-2: Strikes out swinging
Batting: RHB Kyle Gill 0-0: Ball
1-0: Fly out, F8 (Flyball, 8LXD, EV 91.9 MPH)
Bottom of the 8th over - 0 runs, 0 hits, 0 errors, 0 left on base; Oklahoma State University 0 - Wichita State University 1
TOP OF THE 9TH
Oklahoma State University Cowboys batting - Pitching for Wichita State University Shockers : LHP Greg Burton
Pitching: RHP Shamar Watkins
Batting: RHB Jean-Philippe Guéry 0-0: Ball
1-0: Swinging Strike
1-1: Ball
2-1: Foul Ball, location: 2F
2-2: Ball
3-2: Foul Ball, location: 2F
3-2: Strikes out looking
Batting: RHB Jose Lopez 0-0: Called Strike
0-1: Swinging Strike
0-2: Foul Ball, location: 2F
0-2: Ball
1-2: Foul Ball, location: 2F
1-2: Ball
2-2: Ball
3-2: Reached on error, E6 (Groundball, 6, EV 88.8 MPH)
Batting: RHB Bill Tremblett 0-0: Foul Ball, location: 2F
0-1: Called Strike
0-2: Ball
1-2: Fly out, F8 (Flyball, 8RM, EV 91.9 MPH)
Pinch Hitting: LHB Steve Kimbler 0-0: Ball
1-0: Ball
2-0: Called Strike
2-1: Foul Ball, location: 2F
2-2: Foul Ball, location: 2F
2-2: Strikes out swinging
Top of the 9th over - 0 runs, 0 hits, 1 error, 1 left on base; Oklahoma State University 0 - Wichita State University 1
Tuesday, March 28th , 2023 - OOTP Baseball 23.10 Build 110